 Dungeon Crawl Stone Soup version 0.28.0 (webtiles) character file.

Game seed: 8949644659778862146

29152 issech the Bludgeoner (level 13, -7/121 HPs)
             Began as a Troll Monk on Feb 13, 2022.
             Was a High Priest of Hepliaklqana.
             Mangled by a blink frog (16 damage)
             ... on level 6 of the Lair of Beasts.
             The game lasted 01:26:24 (18041 turns).

issech the Bludgeoner (Troll Monk)                 Turns: 18041, Time: 01:26:24

Health: -7/121     AC:  7    Str: 25    XL:     13   Next: 13%
Magic:  21/21      EV: 14    Int: 12    God:    Hepliaklqana [*****.]
Gold:   682        SH:  0    Dex: 16    Spells: 12/12 levels left

rFire   . . .      SeeInvis .   a - +7 great mace "Siagh" {flame, Str+3}
rCold   . . .      Faith    .   (shield currently unavailable)
rNeg    . . .      Spirit   .   l - +2 robe {Will+}
rPois   .          Reflect  .   (helmet restricted)
rElec   .          Harm     .   K - +0 cloak
rCorr   .          Rampage  .   (gloves unavailable)
Will    +....                   (boots unavailable)
Stlth   +++.......              (no amulet)
HPRegen 1.10/turn               j - +6 ring of intelligence
MPRegen 0.17/turn               A - ring of magical power

@: studying Armour
A: reduced essence, large, unfitting armour, claws 3, regeneration 1, shaggy fur
1, tough skin 1
a: Renounce Religion, Recall Ancestor, Ancestor Identity, Transference, Idealise


You were on level 6 of the Lair of Beasts.
You worshipped Hepliaklqana.
Hepliaklqana was extremely pleased with you.
You visited 3 branches of the dungeon, and saw 15 of its levels.
You also visited: Sewer.

You collected 842 gold pieces.
You spent 160 gold pieces at shops.

Inventory:

Hand Weapons
 a - the +7 great mace "Siagh" (weapon) {flame, Str+3}
   (You found it on level 4 of the Lair of Beasts)

   It burns those it strikes, dealing additional fire damage.
   Str:       It affects your strength (+3).
 t - a +0 giant spiked club
 D - a +2 trident of venom
 E - the +5 flail of Yredelemnul's Anger {vorpal, rF- Str+4 Int+4 Dex+4}
   (You found it on level 6 of the Dungeon)

   It inflicts extra damage upon your enemies.
   Str:       It affects your strength (+4).
   Int:       It affects your intelligence (+4).
   Dex:       It affects your dexterity (+4).
   rF:        It makes you vulnerable to fire.
 G - the +3 fustibalus of Corruption {venom, rPois}
   (You found it in a sewer)

   Any ammunition fired from it poisons the flesh of those it strikes.
   rPois:     It protects you from poison.
 H - the +4 hunting sling "Zilar" {freeze, Fly Dex+3 SInv}
   (You found it in a sewer)

   Any ammunition fired from it freezes those it strikes, dealing additional
   cold damage.
   It can also slow down cold-blooded creatures.
   Dex:       It affects your dexterity (+3).
   SInv:      It lets you see invisible.
   Fly:       It grants you flight.
 X - the +7 shortbow of Evolution {vorpal, rF+ Dex+3}
   (You found it on level 2 of the Lair of Beasts)

   Any ammunition fired from it inflicts extra damage upon your enemies.
   Dex:       It affects your dexterity (+3).
   rF:        It protects you from fire.
Missiles
 b - 25 bolts
 d - 435 stones
 g - 14 poisoned darts
 h - 6 javelins
 v - 9 boomerangs
 z - 256 arrows
 C - 3 large rocks (quivered)
 J - 62 sling bullets
 L - 3 throwing nets
Armour
 l - a +2 robe of willpower (worn)
 q - a +1 robe of cold resistance
 K - a +0 cloak (worn)
Jewellery
 j - a +6 ring of intelligence (left claw)
 A - a ring of magical power (right claw)
 N - a +6 ring of intelligence
 Z - a ring of magical power
Wands
 i - a wand of mindburst (8)
 p - a wand of iceblast (7)
 x - a wand of paralysis (11)
 y - a wand of acid (23)
 I - a wand of charming (8)
 P - a wand of flame (21)
 V - a wand of polymorph (6)
Scrolls
 c - 2 scrolls of holy word
 e - 3 scrolls of fog
 f - 2 scrolls of magic mapping
 o - a scroll of blinking
 w - a scroll of enchant weapon
 B - a scroll of silence
 R - 2 scrolls of fear
 S - 2 scrolls of enchant armour
 Y - 3 scrolls of teleportation
Potions
 k - 3 potions of lignification {unknown}
 m - 3 potions of mutation {unknown}
 n - 2 potions of cancellation {unknown}
 r - 4 potions of curing
 s - 3 potions of flight {unknown}
 u - 3 potions of haste {unknown}
 F - 2 potions of attraction {unknown}
 O - 2 potions of might {unknown}
 T - a potion of ambrosia {unknown}
 U - a potion of brilliance {unknown}
Miscellaneous
 M - a box of beasts
 Q - a lightning rod (4/4)
 W - a phial of floods


   Skills:
 + Level 10.5 Fighting
 + Level 15.5 Maces & Flails
 + Level 1.7 Throwing
 + Level 9.1 Dodging
 + Level 5.8 Stealth


You had 12 spell levels left.
You didn't know any spells.
Your spell library contained the following spells:

 Spells                   Type           Power      Damage    Failure   Level
 Freeze                   Ice            0%         1d3       32%         1
 Shock                    Conj/Air       0%         1d3       32%         1
 Slow                     Hex            0%         N/A       32%         1
 Sting                    Tmut/Pois      0%         1d3       32%         1
 Static Discharge         Conj/Air       0%         N/A       45%         2
 Confusing Touch          Hex            0%         N/A       69%         3
 Dazzling Flash           Conj/Hex       0%         N/A       69%         3
 Frozen Ramparts          Ice            0%         1d2       69%         3
 Gell's Gravitas          Tloc           0%         N/A       69%         3
 Ignite Poison            Fire/Tmut/Pois 0%         N/A       69%         3
 Lesser Beckoning         Tloc           0%         N/A       69%         3
 Mephitic Cloud           Conj/Pois/Air  0%         N/A       69%         3
 Swiftness                Air            0%         N/A       69%         3
 Teleport Other           Tloc           0%         N/A       69%         3
 Vampiric Draining        Necr           0%         2d6       69%         3
 Airstrike                Air            0%         N/A       97%         4
 Hailstorm                Conj/Ice       0%         3d3       97%         4
 Leda's Liquefaction      Hex/Erth       0%         N/A       97%         4
 Agony                    Necr           0%         N/A       100%        5
 Blade Hands              Tmut           0%         N/A       100%        5
 Freezing Cloud           Conj/Ice/Air   0%         6-21      100%        5
 Silence                  Hex/Air        0%         N/A       100%        5
 Dispersal                Tloc           0%         N/A       100%        6
 Eringya's Noxious Bog    Tmut/Pois      0%         N/A       100%        6
 Iron Shot                Conj/Erth      0%         9d1       100%        6
 Disjunction              Tloc           0%         N/A       100%        8
 Maxwell's Capacitive Co  Air            0%         ∞         100%        8


Dungeon Overview and Level Annotations

Branches:
Dungeon (8/15)             Temple (1/1) D:6            Lair (6/6) D:8
  Swamp (0/4) Lair:3        Snake (0/4) Lair:4        Slime (0/5) Lair:5
  Sewer (visited)

Altars:
Cheibriados
Dithmenos
Elyvilon
Fedhas
Gozag
Hepliaklqana
Kikubaaqudgha
Makhleb
Nemelex Xobeh
Okawaru
Qazlal
Ru
Sif Muna
Trog
Uskayaw
Vehumet
Wu Jian
Xom
Yredelemnul
Zin
The Shining One

Shops:
D:7 *


Innate Abilities, Weirdness & Mutations

Your life essence is reduced to manifest your ancestor. (-10% HP)
You are too large for most types of armour.
You have claws for hands.
Your natural rate of healing is unusually fast.
You are covered in fur. (AC +1)
You have tough skin. (AC +1)


Message History

The stone arrow hits the elephant!!
The blink frog blinks! x2
The elephant tramples Numeria but does no damage.
The elephant trunk-slaps Numeria but does no damage.
Numeria points at the elephant and mumbles some strange words.
The puff of frost hits the elephant!
The blink frog blinks!
The blink frog blinks!
Something misses Numeria.
Something barely misses Numeria.
The blink frog barely misses you. The blink frog hits you!
The blink frog blinks!
The blink frog blinks!
The blink frog blinks!
The blink frog blinks!
The blink frog hits you!
* * * LOW HITPOINT WARNING * * *
The blink frog blinks!
There is a stone staircase leading up, spattered with blood here.
The blink frog hits you!
* * * LOW HITPOINT WARNING * * *
The blink frog blinks! x2; The elephant tramples you!
* * * LOW HITPOINT WARNING * * *
You stumble backwards!
You stop ascending the stairs.
The blink frog blinks!
Okay, then.
Okay, then.
Blink to where?
Press: ? - help, Dir - move target
As you read the scroll of blinking, it crumbles to dust.
The blink frog blinks!
The elephant tramples you.
* * * LOW HITPOINT WARNING * * *
You hold your ground!
The elephant closely misses you.
You bludgeon the elephant!! You burn the elephant!
The elephant is heavily wounded.
The elephant barely misses you.
The elephant trunk-slaps you but does no damage.
The blink frog blinks! x3; The elephant tramples you!
* * * LOW HITPOINT WARNING * * *
You hold your ground!
The elephant completely misses you. The blink frog hits you!
You die...

#.P.P♣####♣P..##..♣####
#.........###......#
##...#....##.#...P#..
#...........§........
#....Y.....F......)..
#..§.........§.......
#..Y.R.).....R.......
##...F................
#....@.<..§...........
##.P.P.F..............
#P...P....P#.###...##
##P#..######## #.#.#
###### ###.# ###


You could see the friendly Numeria the battlemage, 2 elephants and 3 blink
frogs.

Vanquished Creatures
  6 hydras
  3 elephants
  A black mamba (Lair:2)
  5 cane toads
  9 komodo dragons
  3 rime drakes
  9 blink frogs
  5 dream sheep (Lair:5)
  23 yaks
  2 wyverns
  3 basilisks
  13 water moccasins
  2 ice beasts
  A necrophage (D:5)
  An orc warrior (D:8)
  A black bear (D:4)
  5 wolves
  2 ogres (D:6)
  A phantom (D:6)
  8 bullfrogs
  3 gnoll sergeants
  A water moccasin zombie (D:5)
  A water moccasin skeleton (D:7)
  5 killer bees
  An electric eel (Lair:5)
  2 howler monkeys
  2 centaur skeletons
  A centaur zombie (D:5)
  2 hounds
  2 bullfrog skeletons
  3 orc priests
  2 gnoll shamans
  An iguana (D:6)
  4 orc wizards
  A hound skeleton (D:5)
  Robin (D:2)
  21 gnolls
  6 adders
  3 white imps
  2 ufetubi
  3 adder skeletons
  4 worms
  2 dart slugs
  11 orcs
  7 bats
  8 endoplasms
  11 giant cockroaches
  12 goblins
  6 hobgoblins
  5 jackals
  6 kobolds
  5 quokkas
  9 ball pythons
  4 frilled lizards
  10 rats
270 creatures vanquished.

Vanquished Creatures (collateral kills)
  Fannar (Lair:3)
  A hydra (Lair:2)
  A catoblepas (Lair:2)
  5 elephants
  A cane toad (Lair:2)
  A rime drake (Lair:1)
  A polar bear (Lair:3)
  8 blink frogs
  5 yaks
  2 wyverns
  2 basilisks
  5 water moccasins
  A sky beast (D:8)
  An ogre (D:7)
  A wolf (Lair:5)
  4 centaurs
  4 bullfrogs
  A water moccasin skeleton (D:7)
  A killer bee (D:8)
  A hound (D:6)
  A bullfrog zombie (D:6)
  An orc priest (D:6)
  2 orc wizards
  2 gnolls
  An adder (Sewer)
  A river rat (D:6)
  A shadow imp (D:6)
  A white imp (D:7)
  An ufetubus (D:7)
  2 orcs (D:8)
  3 ball pythons
  8 giant cockroaches
  A quokka (Sewer)
  4 frilled lizards (Sewer)
  2 bushes (Lair:3)
  A butterfly (Lair:5)
79 creatures vanquished.

Vanquished Creatures (others)
  9 battlemagi
  19 fungi
  21 plants
49 creatures vanquished.

Grand Total: 398 creatures vanquished

Notes
Turn   | Place    | Note
-------+----------+-------------------------------------------
     0 | D:1      | issech the Troll Monk began the quest for the Orb.
     0 | D:1      | Reached XP level 1. HP: 22/22 MP: 0/0
    66 | D:1      | Reached XP level 2. HP: 29/29 MP: 1/1
   338 | D:1      | Reached skill level 3 in Maces & Flails
   729 | D:2      | Reached XP level 3. HP: 33/36 MP: 2/2
  1523 | D:2      | Reached XP level 4. HP: 44/44 MP: 3/3
  1720 | D:2      | Noticed Robin
  1737 | D:2      | Killed Robin
  2738 | D:4      | Reached skill level 4 in Maces & Flails
  2845 | D:4      | Reached XP level 5. HP: 49/53 MP: 4/4
  3505 | D:4      | Identified a scroll of acquirement
  3506 | D:4      | Acquired a manual of Maces & Flails
  3511 | D:5      | Entered Level 5 of the Dungeon
  4183 | D:5      | Reached skill level 5 in Maces & Flails
  4306 | D:5      | Noticed a black bear
  4317 | D:5      | Paralysed by a gnoll for 3 turns
  4336 | D:5      | Paralysed by a gnoll for 4 turns
  4450 | D:5      | Reached XP level 6. HP: 53/61 MP: 5/5
  4786 | D:5      | Reached skill level 6 in Maces & Flails
  4810 | D:5      | Reached XP level 7. HP: 49/68 MP: 6/6
  5944 | D:6      | Reached skill level 7 in Maces & Flails
  5946 | D:6      | Identified the +5 flail of Yredelemnul's Anger {vorpal, rF-
                  | Str+4 Int+4 Dex+4}
  6016 | D:6      | Found a staircase to the Ecumenical Temple.
  6039 | Temple   | Entered the Ecumenical Temple
  6149 | Temple   | Became a worshipper of Hepliaklqana the Forgotten
  6149 | Temple   | Reached * piety under Hepliaklqana
  6149 | Temple   | Reached ** piety under Hepliaklqana
  6150 | Temple   | Remembered your ancestor Numeria as a battlemage
  6284 | D:6      | Reached XP level 8. HP: 66/71 MP: 7/7
  6296 | D:6      | Found a glowing drain.
  6308 | Sewer    | Entered a sewer
  6806 | Sewer    | Reached skill level 8 in Maces & Flails
  6808 | Sewer    | Identified the +3 fustibalus of Corruption {venom, rPois}
  6813 | Sewer    | Identified the +4 hunting sling "Zilar" {freeze, Fly Dex+3
                  | SInv}
  7376 | D:6      | Reached skill level 5 in Fighting
  7376 | D:6      | Reached skill level 5 in Dodging
  7383 | D:6      | Reached skill level 9 in Maces & Flails
  7418 | D:6      | Got the Handbook of Aerial Transmigration
  8160 | D:7      | Found Pim Kic's Assorted Antiques.
  8166 | D:7      | Bought a scroll of identify for 64 gold pieces
  8166 | D:7      | Bought a scroll labelled BORIWU BUGUUXU for 32 gold pieces
  8166 | D:7      | Bought a scroll of identify for 64 gold pieces
  8188 | D:7      | Got Laniescha's Incunabulum of Vitriolic Clay
  8202 | D:7      | Reached *** piety under Hepliaklqana
  8217 | D:7      | Found a glowing golden altar of the Shining One.
  8347 | D:7      | Reached XP level 9. HP: 79/79 MP: 8/8
  8459 | D:7      | Reached skill level 10 in Maces & Flails
  8926 | D:8      | Found a staircase to the Lair.
  9375 | D:8      | Reached skill level 11 in Maces & Flails
  9757 | D:8      | Reached **** piety under Hepliaklqana
  9777 | D:8      | HP: 3/80 [centaur/arrow (5)]
 10599 | Lair:1   | Entered Level 1 of the Lair of Beasts
 10733 | Lair:1   | Reached skill level 12 in Maces & Flails
 10733 | Lair:1   | Reached XP level 10. HP: 14/90 MP: 9/9
 11756 | Lair:1   | Noticed a cane toad
 11797 | Lair:1   | Reached skill level 13 in Maces & Flails
 11806 | Lair:1   | Killed a cane toad
 12275 | Lair:2   | Noticed a cane toad
 12281 | Lair:2   | Killed a cane toad
 12494 | Lair:2   | Reached ***** piety under Hepliaklqana
 12591 | Lair:2   | Reached XP level 11. HP: 78/98 MP: 10/10
 12659 | Lair:2   | Reached skill level 14 in Maces & Flails
 12836 | Lair:2   | Noticed a catoblepas
 12848 | Lair:2   | Killed a catoblepas
 13073 | Lair:2   | Identified the +7 shortbow of Evolution {vorpal, rF+ Dex+3}
 13142 | Lair:2   | Noticed a five-headed hydra
 13150 | Lair:2   | Killed a five-headed hydra
 13615 | Lair:3   | Noticed Fannar
 13765 | Lair:3   | Reached skill level 1 in Throwing
 14033 | Lair:3   | Reached skill level 5 in Stealth
 14059 | Lair:3   | Noticed a seven-headed hydra
 14074 | Lair:3   | Killed a seven-headed hydra
 14171 | Lair:3   | Killed Fannar
 14172 | Lair:3   | Reached XP level 12. HP: 44/110 MP: 11/11
 14238 | Lair:3   | Found a staircase to the Swamp.
 15436 | Lair:4   | Found a staircase to the Snake Pit.
 15436 | Lair:4   | Noticed a seven-headed hydra
 15453 | Lair:4   | Killed a seven-headed hydra
 15925 | Lair:4   | Identified the +7 great mace "Siagh" {flame, Str+3}
 16329 | Lair:5   | Reached skill level 15 in Maces & Flails
 16337 | Lair:5   | Reached skill level 10 in Fighting
 16518 | Lair:5   | Found a staircase to the Slime Pits.
 16629 | Lair:5   | Noticed a six-headed hydra
 16633 | Lair:5   | Killed a six-headed hydra
 16803 | Lair:5   | Noticed a seven-headed hydra
 16803 | Lair:5   | Noticed a four-headed hydra
 16846 | Lair:4   | Killed a seven-headed hydra
 17058 | Lair:6   | Entered Level 6 of the Lair of Beasts
 17062 | Lair:6   | Noticed a four-headed hydra
 17359 | Lair:4   | Killed a four-headed hydra
 17626 | Lair:5   | Reached XP level 13. HP: 111/121 MP: 12/12
 18041 | Lair:6   | Mangled by a blink frog

Illustrated notes

Levels and vault maps discovered:
D:1:      ncdulo_wetmaze, layout_basic
D:2:      layout_basic, uniq_robin
D:3:      layout_basic
D:4:      layout_basic, nicolae_concentric_dashed_squares_wild, minivault_24
D:5:      layout_loops_corners
D:6:      layout_cave_pods, temple_pool_b, portal_sewer_entry_b,
          minmay_increasing_density
D:7:      layout_loops_corners, tso_metal_star, serial_shops, shop
D:8:      layout_loops_corners, dpeg_oklobed_lair
Temple:   regret_index_temple_chain_breaker
Lair:1:   layout_cave_pods, serial_rivers, chequers_serial_rivers_large_b,
          chequers_serial_rivers_micro_c, chequers_serial_rivers_micro_b,
          chequers_serial_rivers_small_3, chequers_serial_rivers_room_a,
          chequers_serial_rivers_small_3
Lair:2:   layout_small_grid
Lair:3:   layout_regular_city, swamp_mist, uniq_fannar
Lair:4:   layout_cellular_growth, dummy_snake_entry, lemuel_fruit_tree,
          infiniplex_staircase_pool_2
Lair:5:   layout_loops_ring, slime_dummy, serial_bayou_crossing,
          grunt_megastairs_2, infiniplex_staircase_pool, lemuel_fruit_fields
Lair:6:   due_jungle_book, layout_big_grid, minivault_24

Skill      XL: |  1  2  3  4  5  6  7  8  9 10 11 12 13 |
---------------+----------------------------------------+-----
Maces & Flails | 3 4 5 6 7 9 12 13 14 15 | 15.5
Fighting       | 3 4 5 6 7 9 10 | 10.5
Dodging        | 3 4 5 6 7 8 9 |  9.1
Stealth        | 2 3 4 5 |  5.8
Throwing       | 1 |  1.7

Action                   |  1- 3 |  4- 6 |  7- 9 | 10-12 | 13-15 || total
-------------------------+-------+-------+-------+-------+-------++-------
Melee: Mace              |   166 |   286 |    68 |       |       ||   520
       Punch             |       |     3 |     4 |     8 |       ||    15
       Flail             |       |       |   217 |   328 |       ||   545
       Great mace        |       |       |       |    94 |    28 ||   122
Throw: Stone             |       |       |     1 |       |       ||     1
       Large rock        |       |       |       |     7 |     1 ||     8
Invok: Ancestor Life: Ba |       |       |     1 |       |       ||     1
       Recall Ancestor   |       |       |     1 |     1 |       ||     2
  Use: Scroll            |       |     3 |    10 |     3 |     1 ||    17
       Potion            |       |       |       |     2 |       ||     2
 Stab: Sleeping          |     2 |     1 |     6 |     8 |       ||    17
       Distracted        |       |       |     2 |     8 |       ||    10
Armor: Robe              |   102 |   126 |    95 |    83 |     5 ||   411
Dodge: Dodged            |   110 |   238 |   228 |   238 |    17 ||   831
